 Dungeon Crawl Stone Soup version 0.31-a0-986-g5e6e4ef867 (webtiles) character file.

Game seed: 11220555269663354420

177054 quinnr the Stormcaller (level 18, -10/112 HPs)
             Began as a Tengu Air Elementalist on Nov 11, 2023.
             Was a High Priest of Sif Muna.
             Shot with an arrow by Vashnia (37 damage)
             ... on level 4 of the Snake Pit.
             The game lasted 01:45:56 (50755 turns).

quinnr the Stormcaller (Tengu Air Elementalist)    Turns: 50755, Time: 01:45:57

Health: -10/112    AC:  7    Str:  9    XL:     18   Next: 15%
Magic:  25/42      EV: 21    Int: 18    God:    Sif Muna [*****.]
Gold:   546        SH: 10    Dex: 15    Spells: 5/37 levels left

rFire   . . .        a - staff of poison {!a}
rCold   . . .        S - +0 buckler
rNeg    + . .        l - +0 robe of Disguise {rN+ Archmagi}
rPois   +            (helmet restricted)
rElec   +            V - scarf {+Inv}
rCorr   .            i - +0 pair of gloves of a bazaar {Drain rElec rPois Int-5}
SInv    .            (boots unavailable)
Will    +....        K - amulet of reflection
Stlth   ++++         T - +4 ring of protection
HPRegen 0.38/turn    M - ring of magical power
MPRegen 0.28/turn

%: reflection, acrobat, archmagi
@: lethally poisoned (-10 -> -17), flying, studying 2 skills
A: beak, talons 3, evasive flight, acrobatic
a: Renounce Religion, Evoke Invisibility, Channel Magic, Forget Spell, Divine
Exegesis


You were on level 4 of the Snake Pit.
You worshipped Sif Muna.
Sif Muna was extremely pleased with you.
You visited 6 branches of the dungeon, and saw 29 of its levels.
You also visited: Bailey.

You collected 3057 gold pieces.
You spent 2511 gold pieces at shops.


Innate Abilities, Weirdness & Mutations

You have a beak for a mouth.
You have claws for feet.
Your magical flight helps you evade attacks. (EV +4)
You can magically evade attacks while moving or waiting.


   Skills:
 - Level 12.0 Fighting
 - Level 4.0 Maces & Flails
 - Level 5.9 Ranged Weapons
 - Level 10.8 Dodging
 - Level 10.0 Stealth
 - Level 5.0 Shields
 - Level 10.0 Spellcasting
 - Level 13.0 Conjurations
 - Level 3.0 Transmutations
 - Level 9.0 Fire Magic
 - Level 16.0 Air Magic
 - Level 8.0 Poison Magic
 - Level 11.0 Invocations
 + Level 6.7 Evocations


You had 5 spell levels left.
You knew the following spells:

 Your Spells              Type           Power      Damage    Failure   Level
a - Airstrike             Air            39%        2d(6-22)  1%          4
i - Swiftness             Air            79%        N/A       1%          3
m - Mephitic Cloud        Conj/Pois/Air  88%        N/A       1%          3
o - Olgreb's Toxic Radia  Pois           71%        N/A       4%          4
t - Static Discharge      Conj/Air       100%       3-8/arc   1%          2
z - Shock                 Conj/Air       100%       1d9       1%          1
X - Conjure Ball Lightni  Conj/Air       37%        3x3d12    4%          6
Y - Plasma Beam           Fire/Air       34%        2x1d47    11%         6
Z - Ignite Poison         Fire/Tmut/Pois 65%        N/A       2%          3

Your spell library contained the following spells:

 Spells                   Type           Power      Damage    Failure   Level
 Foxfire                  Conj/Fire      100%       2x1d9     1%          1
 Kiss of Death            Conj/Necr      100%       2d13      1%          1
 Magic Dart               Conj           100%       1d8       1%          1
 Sting                    Tmut/Pois      100%       1d8       1%          1
 Cigotuvi's Dreadful Rot  Necr/Pois/Air  100%       N/A       1%          2
 Momentum Strike          Conj/Tloc      96%        3d10      1%          2
 Poisonous Vapours        Pois/Air       100%       N/A       1%          2
 Scorch                   Fire           100%       2d9       1%          2
 Flame Wave               Conj/Fire      64%        2d15      1%          4
 Sticky Flame             Conj/Fire      64%        2d8       1%          4
 Arcjolt                  Conj/Air       37%        1d47      1%          5
 Inner Flame              Hex/Fire       37%        N/A       5%          3
 Volatile Blastmotes      Fire/Tloc      74%        2d16      5%          3
 Freezing Cloud           Conj/Ice/Air   30%        6-21      6%          5
 Fulminant Prism          Conj/Hex       24%        3d12      8%          4
 Iskenderun's Mystic Bla  Conj/Tloc      48%        2d11      8%          4
 Slow                     Hex            52%        N/A       12%         1
 Irradiate                Conj/Tmut      27%        3d20      12%         5
 Silence                  Hex/Air        27%        N/A       12%         5
 Blink                    Tloc           26%        N/A       17%         2
 Ensorcelled Hibernation  Hex/Ice        26%        N/A       17%         2
 Jinxbite                 Hex            26%        N/A       17%         2
 Lesser Beckoning         Tloc           26%        N/A       17%         2
 Sublimation of Blood     Necr           13%        N/A       17%         2
 Alistair's Intoxication  Tmut/Pois      39%        N/A       32%         5
 Confusing Touch          Hex            13%        N/A       34%         3
 Ozocubu's Armour         Ice            13%        N/A       34%         3
 Summon Guardian Golem    Hex/Summ       13%        N/A       34%         3
 Tukima's Dance           Hex            13%        N/A       34%         3
 Petrify                  Tmut/Erth      21%        N/A       52%         4
 Anguish                  Hex/Necr       6%         N/A       75%         4
 Animate Armour           Summ/Erth      26%        N/A       75%         4
 Cause Fear               Hex            6%         N/A       75%         4
 Dimensional Bullseye     Hex/Tloc       6%         N/A       75%         4
 Leda's Liquefaction      Hex/Erth       6%         N/A       75%         4
 Manifold Assault         Tloc           13%        N/A       75%         4
 Yara's Violent Unravell  Hex/Tmut       10%        3d6       86%         5
 Summon Forest            Summ/Tloc      6%         N/A       97%         5
 Starburst                Conj/Fire      32%        6d10      19%         6
 Eringya's Noxious Bog    Tmut/Pois      29%        4d6       88%         6
 Summon Cactus Giant      Summ           6%         N/A       100%        6
 Enfeeble                 Hex            6%         N/A       100%        7
 Malign Gateway           Summ/Tloc      6%         N/A       100%        7
 Ozocubu's Refrigeration  Ice            6%         4d8       100%        7
 Summon Hydra             Summ           6%         N/A       100%        7
 Discord                  Hex            6%         N/A       100%        8
 Disjunction              Tloc           6%         N/A       100%        8
 Ignition                 Fire           29%        3d9       100%        8
 Infestation              Necr           6%         N/A       100%        8
 Lehudib's Crystal Spear  Conj/Erth      24%        10d7      100%        8
 Chain Lightning          Conj/Air       37%        3d50      100%        9
 Fire Storm               Conj/Fire      32%        8d8       100%        9

Inventory:

Hand Weapons
 b - the +11 whip of the Skies Above {pain, Stlth+}
   (You found it on level 4 of the Lair of Beasts)

   Stlth+:    It makes you more stealthy.
Armour
 i - the +0 pair of gloves of a bazaar (worn) {Drain rElec rPois Int-5}
   (You found it on level 2 of the Dungeon)

   Int-5:     It affects your intelligence (-5).
   rElec:     It insulates you from electricity.
   rPois:     It protects you from poison Drain: It drains your maximum health
   when unequipped.
 l - the +0 robe of Disguise (worn) {rN+ Archmagi}
   (You found it on level 1 of the Snake Pit)

   rN+:       It protects you from negative energy.
   Archmagi:  It increases the power of your magical spells.
 y - a +2 robe of resistance
 E - an orb of light
 S - a +0 buckler (worn)
 V - a scarf of invisibility (worn)
Magical Staves
 a - a staff of poison (weapon) {!a}
 k - a staff of cold {!a}
Jewellery
 t - a +4 ring of protection
 C - a ring of protection from cold
 F - a ring of fire
 K - an amulet of reflection (around neck)
 M - a ring of magical power (right hand)
 N - a ring of positive energy
 T - a +4 ring of protection (left hand)
 W - a ring of willpower
Wands
 n - a wand of iceblast (22)
 u - a wand of flame (51)
 w - a wand of polymorph (11)
 z - a wand of light (5)
 B - a wand of charming (16)
 Q - a wand of mindburst (9)
Scrolls
 d - 4 scrolls of fog
 f - 8 scrolls of amnesia
 g - 13 scrolls of teleportation {@r2}
 j - a scroll of poison
 v - 6 scrolls of vulnerability
 A - 3 scrolls of fear (quivered)
 D - a scroll of silence {!r}
 I - 2 scrolls of noise
 L - 2 scrolls of butterflies
 O - 2 scrolls of immolation
 X - 5 scrolls of torment
 Y - a scroll of blinking
 Z - a scroll of enchant armour
Potions
 c - 18 potions of curing {@q1}
 e - 6 potions of lignification
 h - 2 potions of ambrosia
 m - 3 potions of berserk rage {!q}
 o - 6 potions of might
 p - a potion of invisibility
 q - 4 potions of enlightenment
 r - 2 potions of haste {@q3}
 s - 2 potions of degeneration
 x - 9 potions of heal wounds {@q2}
 G - a potion of resistance
 H - 2 potions of cancellation
 J - a potion of mutation
 P - 2 potions of attraction
 R - 4 potions of magic
Miscellaneous
 U - a phantom mirror

Dungeon Overview and Level Annotations

Branches:
Dungeon (15/15)            Temple (1/1) D:4            Lair (5/5) D:8
  Swamp (2/4) Lair:2        Snake (4/4) Lair:2        Slime (0/5) Lair:5
    Orc (2/2) D:11            Elf (0/3) Orc:2        Vaults (0/5) D:13
 Depths (0/4) D:15         Bailey (visited)

Altars:
Ashenzari
Cheibriados
Dithmenos
Elyvilon
Fedhas
Gozag
Hepliaklqana
Kikubaaqudgha
Makhleb
Nemelex Xobeh
Okawaru
Qazlal
Ru
Sif Muna
Trog
Uskayaw
Vehumet
Wu Jian
Xom
Yredelemnul
Zin
The Shining One
Jiyva

Shops:
D:2 *(!   D:7 *   D:8 *   D:13 [   Orc:2 :((!=   Snake:3 :!**

Annotations:
D:12 3 runed translucent doors, Iceca's ghost, journeyman DsSh
D:14 exclusion: downstairs
D:15 Roxanne
Lair:2 Mlioglotl
Snake:4 Vashnia

... ../ #. .##
.... .. ..###
..... #...... .
..N## ##.....
... ..S # .. ..
...NN#N##N#.§.#
..N..N.<....#§#
$N....NN))..@.#
.......N......#
.........N.#..#
..........##..#
.......##....)#
....... ....#.#
▒▒▒▒▒▒▒. ..##).
▒▒ [[


You could see Vashnia (drained), 3 naga sharpshooters, a naga mage and 2 nagas.


Message History

The blast of lightning engulfs you! You resist.
The blast of lightning engulfs the naga sharpshooter!
The naga sharpshooter is almost dead.
The blast of lightning engulfs your ball lightning.
The naga sharpshooter gestures wildly while chanting.
The naga sharpshooter magically shoots a bolt.
The bolt hits you!!
The naga sharpshooter spits poison at you.
The splash of poison hits you but does no damage.
You are more poisoned.
You resist.
The naga sharpshooter casts a spell.
Vashnia makes some cryptic hand gestures, then points.
Vashnia shoots an arrow.
The arrow misses you. The arrow hits your ball lightning!!
Your ball lightning explodes!
The blast of lightning engulfs you! You resist.
* * * LOW HITPOINT WARNING * * *
You hear a shout!
You feel very sick.
The naga sharpshooter shoots an arrow.
The arrow hits you.
* * * LOW HITPOINT WARNING * * *
The naga sharpshooter shoots a bolt.
The bolt hits you!
* * * LOW HITPOINT WARNING * * *
The naga sharpshooter shoots an arrow.
The arrow hits you!
* * * LOW HITPOINT WARNING * * *
Vashnia gestures wildly while chanting.
Vashnia magically shoots an arrow.
The arrow hits you!!!
You die...
Vashnia says, "Headshot."

Skill      XL: |  1  2  3  4  5  6  7  8  9 10 11 12 13 14 15 16 17 18 |
---------------+-------------------------------------------------------+-----
Air Magic      | 5 6 10 11 13 16 | 16.0
Conjurations   | 2 7 13 | 13.0
Poison Magic   | 2 4 5 7 8 |  8.0
Spellcasting   | 3 4 5 7 8 10 | 10.0
Fighting       | 3 5 8 10 12 | 12.0
Stealth        | 4 5 10 | 10.0
Dodging        | 4 6 8 10 | 10.8
Fire Magic     | 4 6 7 9 |  9.0
Evocations     | 2 5 6 |  6.7
Invocations    | 2 5 6 10 11 | 11.0
Maces & Flails | 4 |  4.0
Shields        | 3 5 |  5.0
Transmutations | 2 3 |  3.0
Ranged Weapons | 5 |  5.9

Action                     |  1- 3 |  4- 6 |  7- 9 | 10-12 | 13-15 | 16-18 || total
---------------------------+-------+-------+-------+-------+-------+-------++-------
  Melee: Unarmed           |     2 |       |       |       |       |       ||     2
         Kick              |     1 |     3 |     2 |    20 |    46 |     3 ||    75
         Punch             |     1 |       |       |     1 |       |       ||     2
         Dagger            |       |     7 |     8 |    49 |     6 |       ||    70
         Peck              |       |     1 |     1 |    13 |    30 |     1 ||    46
         Whip              |       |       |       |       |    78 |     4 ||    82
         Staff             |       |       |       |       |     1 |       ||     1
   Cast: Shock             |    94 |   106 |    80 |    14 |     1 |     2 ||   297
         Static Discharge  |       |    17 |    11 |    28 |     6 |       ||    62
         Olgreb's Toxic Ra |       |     2 |    22 |    68 |   126 |     7 ||   225
         Airstrike         |       |       |    53 |   136 |   307 |    65 ||   561
         Swiftness         |       |       |       |     3 |     6 |     3 ||    12
         Conjure Ball Ligh |       |       |       |    31 |   165 |   152 ||   348
         Mephitic Cloud    |       |       |       |       |    55 |     3 ||    58
         Ignite Poison     |       |       |       |       |    37 |     6 ||    43
         Plasma Beam       |       |       |       |       |     1 |     4 ||     5
 Invoke: Channel Magic     |       |       |       |       |     2 |       ||     2
  Evoke: Wand              |       |       |     2 |     8 |       |     1 ||    11
         Phantom mirror    |       |       |       |       |     2 |       ||     2
    Use: Scroll            |       |     1 |    13 |     4 |    16 |     4 ||    38
         Potion            |       |       |       |     3 |     1 |     1 ||     5
   Stab: Confused          |       |       |       |       |     3 |       ||     3
 Armour: Robe              |    14 |    60 |    34 |   137 |   404 |   244 ||   893
         Skin              |       |       |       |     5 |       |       ||     5
  Dodge: Dodged            |    24 |    32 |    52 |   146 |   276 |    64 ||   594
  Block: Other             |       |       |       |    19 |    29 |       ||    48
         Buckler           |       |       |       |       |    71 |    49 ||   120
         Reflection        |       |       |       |       |    14 |    10 ||    24

Levels and vault maps discovered:
D:1:      zelgadis_glass_arrival_small, layout_basic, minmay_misc_feat_plants
D:2:      layout_loops_corners, serial_shops, nicolae_shop_trees,
          nicolae_shop_stone, shop, uniq_jessica
D:3:      layout_loops_ring, hellmonk_ecumenical_altar_crossroads,
          hangedman_feature_mirror, uniq_robin, uniq_natasha, uniq_ijyb,
          uniq_sigmund
D:4:      layout_basic, temple_statues
D:5:      layout_gridville, mainiacjoe_overflow_brackets
D:6:      layout_rooms, kennysheep_mini, amcnicky_altar_gilded, nrook_campfire,
          nrook_mini_vaults
D:7:      layout_loops_cross, zin_purify, gammafunk_ghost_gnarly_gnolls
D:8:      layout_cave_pools, fedhas_altar_4, erik_lair_orcish_takeover,
          serial_shops, nicolae_take_the_stairs
D:9:      kennysheep_seaside_town, layout_basic,
          amethyst_overflow_temple_binary, nicolae_tso_carved_into_rock,
          enter_bailey_4, lightli_wizard_tower
D:10:     layout_loops_ring, vehumet_altar_wand_db, minmay_misc_feat_five
D:11:     layout_irregular_city, david_orc_2, minmay_misc_feat_doors, uniq_urug,
          uniq_sonja
D:12:     layout_roguey, gammafunk_ghost_fury_of_okawaru, nzn_life_drinkers,
          uniq_maurice
D:13:     layout_basic, erik_vaults_2, serial_shops,
          nicolae_shop_pleasant_corner_grove, uniq_azrael
D:14:     layout_cave_pods, minivault_27
D:15:     hangedman_depths_entry_try_elsewhere_first, layout_cave_pools,
          solitary_fountain, uniq_roxanne, uniq_nessos, uniq_rupert
Temple:   dshaligram_water_room_temple
Lair:1:   layout_misc_corridors, grunt_megastairs_2
Lair:2:   gammafunk_boulding_lane, layout_regular_city,
          minmay_swamp_entry_swarm, minmay_snake_entry_guardpost_medium
Lair:3:   layout_gridlike, beast_lair_carwin_11, grunt_megastairs_5
Lair:4:   layout_gridlike, minmay_holes
Lair:5:   minmay_lair_end_enchanted_forest, layout_hall_layers,
          nicolae_slime_entry_slimehenge
Swamp:1:  layout_basic_swamp, evilmike_swamp_ruin_house_4, uniq_kirke,
          uniq_mlioglotl, uniq_josephine
Swamp:2:  layout_basic_swamp, hangedman_swamp_ruin_wall,
          infiniplex_staircase_pool, nicolae_swamp_decorative_isthmus
Snake:1:  layout_misc_corridors, basic_altar, lemuel_fruit_tree, uniq_aizul
Snake:2:  layout_grid_maze
Snake:3:  layout_gridlike, serial_corexii_hall, corexii_hall_statues_i,
          corexii_hall_statues_x, chequers_hall_statues_wall_a,
          hangedman_snake_corridor_cut, minmay_shoptagon
Snake:4:  snake_pit_salamanders_mu, layout_cave_shapes, st_stairs_7,
          nicolae_snake_gridmaze_squiggle, uniq_vashnia
Orc:1:    layout_diamond_mine
Orc:2:    st_orc_mages, layout_diamond_mine, nicolae_shop_vocational

Notes
Turn   | Place    | Note
-------+----------+-------------------------------------------
     0 | D:1      | quinnr the Tengu Air Elementalist began the quest for the
                  | Orb.
     0 | D:1      | Reached XP level 1. HP: 10/10 MP: 4/4
   233 | D:1      | Reached XP level 2. HP: 15/15 MP: 3/6
   620 | D:1      | Reached skill level 5 in Air Magic
   855 | D:1      | Reached XP level 3. HP: 19/19 MP: 1/7
  1645 | D:2      | Reached skill level 6 in Air Magic
  1645 | D:2      | Reached skill level 2 in Conjurations
  1722 | D:2      | Reached XP level 4. HP: 22/24 MP: 3/8
  1769 | D:2      | Found Ojacvaej's Weapon Shoppe.
  1843 | D:2      | Learned a level 4 spell: Olgreb's Toxic Radiance
  1914 | D:2      | Identified the +0 pair of gloves of a bazaar {Drain rElec
                  | rPois Int-5}
  2076 | D:2      | Noticed Jessica
  2116 | D:2      | Killed Jessica
  2117 | D:2      | Reached skill level 1 in Poison Magic
  2352 | D:2      | Found Jocyzil's Assorted Antiques.
  2360 | D:2      | Bought a twisted granite ring for 125 gold pieces
  2564 | D:3      | Noticed Ijyb
  2585 | D:3      | Noticed Robin
  2648 | D:3      | Killed Robin
  2649 | D:3      | Reached skill level 2 in Poison Magic
  2767 | D:3      | Noticed Natasha
  2783 | D:3      | Killed Natasha
  2784 | D:3      | Reached XP level 5. HP: 14/28 MP: 0/9
  2960 | D:3      | Reached skill level 3 in Poison Magic
  3131 | D:3      | Noticed Sigmund
  3212 | D:2      | Learned a level 2 spell: Static Discharge
  3233 | D:3      | Reached skill level 4 in Poison Magic
  3233 | D:3      | Reached XP level 6. HP: 27/32 MP: 2/10
  3383 | D:3      | Noticed Natasha
  3392 | D:3      | Killed Natasha
  3460 | D:3      | Found a faded altar of an unknown god.
  3503 | D:3      | Noticed Natasha
  3510 | D:3      | Killed Natasha
  3778 | D:3      | Killed Ijyb
  4343 | D:4      | Reached skill level 5 in Poison Magic
  4435 | D:4      | Found a staircase to the Ecumenical Temple.
  4470 | Temple   | Entered the Ecumenical Temple
  4479 | Temple   | Became a worshipper of Sif Muna the Loreminder
  4726 | D:5      | Entered Level 5 of the Dungeon
  4907 | D:5      | Gained mutation: Your magical flight helps you evade
                  | attacks. (EV +4) [Tengu growth]
  4907 | D:5      | Reached XP level 7. HP: 33/36 MP: 11/11
  4911 | D:5      | Reached skill level 6 in Poison Magic
  5533 | D:6      | Found a hazy altar of Hepliaklqana.
  5727 | D:2      | Bought 2 yellow potions for 45 gold pieces
  5727 | D:2      | Bought a scroll labelled HASAET RUMP for 25 gold pieces
  5727 | D:2      | Bought a scroll labelled IHADDEO INUU for 25 gold pieces
  5727 | D:2      | Bought a scroll labelled OTABRETWOPI for 25 gold pieces
  5918 | D:2      | Found Vyocah's Distillery.
  5925 | D:2      | Bought a potion of curing for 42 gold pieces
  5925 | D:2      | Bought a potion of degeneration for 14 gold pieces
  6003 | D:3      | Killed Sigmund
  6004 | D:3      | Reached skill level 3 in Spellcasting
  6004 | D:3      | Reached skill level 7 in Poison Magic
  6369 | D:3      | Found a faded altar of an unknown god.
  6810 | D:5      | Found an iron altar of Okawaru.
  6961 | D:6      | Reached XP level 8. HP: 41/41 MP: 9/13
  6966 | D:6      | Learned a level 4 spell: Airstrike
  7312 | D:6      | Reached skill level 8 in Poison Magic
  7371 | D:6      | Found a snail-covered altar of Cheibriados.
  7544 | D:7      | Reached * piety under Sif Muna
  7572 | D:7      | Found Zin's Purification Station.
  7574 | D:7      | Found a glowing silver altar of Zin.
  7806 | D:7      | Reached skill level 7 in Air Magic
  7942 | D:7      | Noticed a wyvern
  7948 | D:7      | Killed a wyvern
  7949 | D:7      | Reached skill level 8 in Air Magic
  8153 | D:7      | Found a transporter.
  8162 | D:7      | Reached skill level 9 in Air Magic
  8350 | D:7      | Noticed 2FriedEggs's ghost (novice OgSh)
  8369 | D:7      | Found a transporter.
  8389 | D:7      | Identified the ring "Udouheaf" {rPois Str+4}
  8610 | D:8      | Noticed a hornet
  8612 | D:8      | Killed a hornet
  8613 | D:8      | Reached skill level 10 in Air Magic
  8613 | D:8      | Reached XP level 9. HP: 45/45 MP: 14/14
  8847 | D:8      | Reached skill level 11 in Air Magic
  8917 | D:8      | Reached skill level 1 in Fighting
  9039 | D:8      | Reached skill level 3 in Stealth
  9184 | D:8      | Reached skill level 3 in Dodging
  9187 | D:8      | Found a staircase to the Lair.
  9198 | D:8      | HP: 4/48 [white imp/puff of frost (2)]
  9412 | D:8      | Reached skill level 2 in Fighting
  9547 | D:8      | Reached ** piety under Sif Muna
  9819 | D:8      | Found Egicuk's Assorted Antiques.
  9951 | D:8      | Found a blossoming altar of Fedhas.
 10088 | D:9      | Reached skill level 4 in Stealth
 10088 | D:9      | Reached skill level 4 in Spellcasting
 10105 | D:9      | Reached skill level 4 in Dodging
 10109 | D:9      | Found a flagged portal.
 10119 | Bailey   | Entered a bailey
 10259 | Bailey   | Reached skill level 3 in Fighting
 10259 | Bailey   | Reached XP level 10. HP: 44/56 MP: 6/17
 10590 | Bailey   | Reached skill level 12 in Air Magic
 10666 | Bailey   | Noticed Prince Ribbit
 10669 | Bailey   | Killed Prince Ribbit
 10670 | Bailey   | Reached skill level 5 in Dodging
 10670 | Bailey   | Reached skill level 5 in Stealth
 10696 | Bailey   | Noticed a vault guard
 10739 | Bailey   | Killed a vault guard
 10739 | Bailey   | Reached *** piety under Sif Muna
 10740 | Bailey   | Reached skill level 4 in Fighting
 10740 | Bailey   | Reached skill level 5 in Spellcasting
 10975 | Bailey   | Noticed a vault guard
 10981 | Bailey   | Learned a level 3 spell: Swiftness
 10987 | Bailey   | Killed a vault guard
 10988 | Bailey   | Reached skill level 5 in Fighting
 10988 | Bailey   | Reached skill level 13 in Air Magic
 11426 | D:9      | Found a glowing golden altar of the Shining One.
 11434 | D:9      | Learned a level 6 spell: Conjure Ball Lightning
 11902 | D:9      | Reached skill level 6 in Dodging
 11905 | D:9      | Reached XP level 11. HP: 63/63 MP: 15/20
 12022 | D:9      | Reached skill level 3 in Conjurations
 12100 | D:9      | Found a bloodstained altar of Trog.
 12111 | D:9      | Found a shimmering altar of Xom.
 12231 | D:9      | Reached skill level 6 in Spellcasting
 12234 | D:9      | Reached skill level 4 in Conjurations
 12598 | D:9      | Reached **** piety under Sif Muna
 13237 | D:9      | Noticed an arcanist
 13240 | D:9      | Killed an arcanist
 13241 | D:9      | Reached skill level 7 in Dodging
 13241 | D:9      | Reached skill level 5 in Conjurations
 13474 | D:10     | Entered Level 10 of the Dungeon
 13556 | D:15     | Identified the "Kigibroru"
 13556 | Lair:1   | Entered Level 1 of the Lair of Beasts
 13712 | Lair:1   | Reached skill level 6 in Conjurations
 13724 | Lair:1   | Reached skill level 7 in Spellcasting
 14011 | Lair:1   | Reached skill level 8 in Dodging
 14220 | Lair:1   | Reached skill level 7 in Conjurations
 14561 | Lair:1   | Reached XP level 12. HP: 59/68 MP: 5/24
 14877 | Lair:1   | Reached skill level 8 in Conjurations
 15241 | Lair:2   | Reached skill level 9 in Dodging
 15310 | Lair:2   | Reached skill level 8 in Spellcasting
 15345 | Lair:2   | Found a transporter.
 15345 | Lair:2   | Found a transporter.
 15345 | Lair:2   | Noticed a boulder beetle
 15345 | Lair:2   | Noticed a boulder beetle
 15587 | Lair:2   | Reached skill level 9 in Conjurations
 15781 | Lair:2   | Reached skill level 10 in Dodging
 15811 | Lair:2   | Reached ***** piety under Sif Muna
 15812 | Lair:2   | Reached skill level 10 in Conjurations
 16114 | Lair:2   | Noticed a skyshark
 16125 | Lair:2   | Killed a skyshark
 16152 | Lair:1   | HP: 5/68 [poisoned by a cane toad]
 16152 | Lair:1   | HP: 2/68 [cane toad (3)]
 16695 | Lair:1   | Reached skill level 11 in Conjurations
 16929 | Lair:2   | Found a staircase to the Swamp.
 17176 | Lair:2   | Identified the +1 ring mail "Tibicaf" {+Inv Will++}
 17265 | Lair:2   | Found a staircase to the Snake Pit.
 17447 | Lair:2   | Learned a level 6 spell: Plasma Beam
 17560 | Lair:2   | Reached skill level 12 in Conjurations
 17560 | Lair:2   | Reached skill level 1 in Fire Magic
 17815 | Lair:3   | Reached skill level 2 in Fire Magic
 17976 | Lair:3   | Noticed a four-headed hydra
 17980 | Lair:3   | Killed a four-headed hydra
 17981 | Lair:3   | Reached skill level 3 in Fire Magic
 18325 | Lair:3   | Reached skill level 4 in Fire Magic
 18559 | Lair:3   | Reached skill level 13 in Conjurations
 18559 | Lair:3   | Reached XP level 13. HP: 59/72 MP: 15/26
 19102 | Lair:4   | Identified the "Femaph" (Sif Muna gifted it to you on
                  | level 4 of the Lair of Beasts)
 19102 | Lair:4   | Received a gift from Sif Muna
 19104 | Lair:4   | Reached skill level 5 in Fire Magic
 19273 | Lair:4   | HP: 7/72 [skyshark (15)]
 19548 | Lair:4   | Reached skill level 6 in Fire Magic
 19986 | Lair:4   | Identified the +11 whip of the Skies Above {pain, Stlth+}
 20402 | Lair:5   | Entered Level 5 of the Lair of Beasts
 20564 | Lair:4   | Reached skill level 6 in Fighting
 20801 | Lair:5   | Found a staircase to the Slime Pits.
 20801 | Lair:5   | Found a viscous altar of Jiyva.
 20966 | Lair:5   | Reached skill level 9 in Spellcasting
 21204 | Lair:5   | Reached skill level 7 in Fighting
 21824 | Lair:5   | Reached skill level 8 in Fighting
 22030 | Lair:5   | Received a gift from Sif Muna
 22049 | Lair:5   | Reached skill level 10 in Spellcasting
 22287 | Lair:5   | Reached skill level 1 in Evocations
 22311 | Lair:5   | Reached skill level 1 in Invocations
 22633 | Lair:5   | Learned a level 3 spell: Mephitic Cloud
 22653 | Lair:5   | Reached skill level 2 in Evocations
 22711 | Lair:5   | Reached skill level 2 in Invocations
 22711 | Lair:5   | Reached XP level 14. HP: 58/84 MP: 4/29
 22746 | Lair:5   | Reached skill level 3 in Evocations
 23124 | Lair:5   | Reached skill level 1 in Maces & Flails
 23131 | Lair:5   | Reached skill level 9 in Fighting
 23131 | Lair:5   | Reached skill level 3 in Invocations
 23704 | Lair:5   | Reached skill level 2 in Maces & Flails
 24423 | Lair:5   | Identified a potion of resistance
 24425 | Lair:5   | Identified a scroll of acquirement
 24425 | Lair:5   | Identified the "Nimazu Noaq" (You acquired it on level 5
                  | of the Lair of Beasts)
 24425 | Lair:5   | Acquired the Almanac of Atmospheric Trauma
 25346 | D:2      | Bought 2 potions of curing for 84 gold pieces
 25346 | D:2      | Bought a potion of curing for 42 gold pieces
 25346 | D:2      | Bought a potion of mutation for 112 gold pieces
 26346 | D:10     | Reached skill level 1 in Shields
 26346 | D:10     | Reached skill level 4 in Evocations
 26371 | D:10     | Found a radiant altar of Vehumet.
 27509 | D:11     | Reached skill level 3 in Maces & Flails
 27517 | D:11     | Learned a level 3 spell: Ignite Poison
 27609 | D:11     | Noticed Sonja
 27613 | D:11     | Killed Sonja
 27755 | D:11     | Found a staircase to the Orcish Mines.
 27963 | D:11     | Reached skill level 4 in Invocations
 28071 | D:11     | You are sucked into a shaft and drop 2 floors!
 28152 | D:11     | Noticed Urug
 28160 | D:11     | Killed Urug
 28161 | D:11     | Reached skill level 2 in Shields
 28862 | D:12     | Reached skill level 1 in Transmutations
 28956 | D:12     | Identified the "Ipnunotyl" (Sif Muna gifted it to you on
                  | level 12 of the Dungeon)
 28956 | D:12     | Received a gift from Sif Muna
 29220 | D:12     | Noticed Maurice
 29226 | D:12     | Killed Maurice
 29415 | D:12     | Found a runed translucent gate.
 29415 | D:12     | Found a runed translucent gate.
 29415 | D:12     | Found a runed translucent gate.
 29415 | D:12     | Identified the -8 robe "Moc Suas" {rN+ Regen+}
 29416 | D:12     | Found an iron altar of Okawaru.
 29416 | D:12     | Noticed Iceca's ghost (journeyman DsSh)
 29416 | D:12     | Identified the +1 robe "Onwitesa" {+Inv rN+++ Dex-3}
 29802 | D:13     | Noticed Azrael
 30335 | D:13     | Reached skill level 4 in Maces & Flails
 30674 | D:13     | Reached skill level 3 in Shields
 30674 | D:13     | Reached skill level 5 in Evocations
 30839 | D:13     | Killed Azrael
 30840 | D:13     | Reached skill level 2 in Transmutations
 31512 | D:13     | Reached skill level 7 in Fire Magic
 31651 | D:13     | Found a gate to the Vaults.
 31676 | D:13     | Reached skill level 10 in Fighting
 31681 | D:13     | Reached skill level 5 in Invocations
 31697 | D:13     | Reached XP level 15. HP: 80/92 MP: 0/30
 32695 | D:13     | Found Quocwaef's Antique Armour Emporium.
 32765 | D:14     | Reached skill level 4 in Shields
 33110 | D:14     | Reached skill level 3 in Transmutations
 34117 | D:14     | Identified the "Noliy" (Sif Muna gifted it to you on level
                  | 14 of the Dungeon)
 34117 | D:14     | Received a gift from Sif Muna
 34442 | D:15     | Entered Level 15 of the Dungeon
 34513 | D:15     | Reached skill level 5 in Shields
 34517 | D:15     | Reached skill level 8 in Fire Magic
 34686 | D:15     | Noticed Nessos
 34850 | D:15     | Killed Nessos
 34851 | D:15     | Reached skill level 6 in Invocations
 34957 | D:15     | Noticed Roxanne
 35139 | D:15     | Noticed Rupert
 35146 | D:15     | Killed Rupert
 35439 | D:15     | Reached skill level 14 in Air Magic
 35795 | D:15     | Found a staircase to the Depths.
 36494 | Orc:1    | Entered Level 1 of the Orcish Mines
 36539 | Orc:1    | Reached skill level 9 in Fire Magic
 37044 | Orc:1    | Reached skill level 15 in Air Magic
 37334 | Orc:2    | Entered Level 2 of the Orcish Mines
 37601 | Orc:2    | Found a staircase to the Elven Halls.
 37610 | Orc:2    | Found Izxuneuku's Vocational Training.
 38645 | Orc:2    | Paralysed by an orc sorcerer for 3 turns
 38856 | Orc:2    | Identified a +2 robe of resistance
 38871 | Orc:2    | Received a gift from Sif Muna
 39109 | Orc:2    | Reached skill level 16 in Air Magic
 39189 | Orc:2    | Found Pitase's Distillery.
 39189 | Orc:2    | Found Aptie's Antique Weapon Shoppe.
 39189 | Orc:2    | Found Muwk's Weapon Shoppe.
 39192 | Orc:2    | Found Musidux's Jewellery Emporium.
 39261 | Orc:2    | Bought a potion of heal wounds for 70 gold pieces
 39261 | Orc:2    | Bought a potion of heal wounds for 70 gold pieces
 40234 | D:7      | Killed 2FriedEggs's ghost
 40867 | Swamp:1  | Entered Level 1 of the Swamp
 41015 | Swamp:1  | You are sucked into a shaft and drop 1 floor!
 41211 | Swamp:1  | Noticed Josephine
 41227 | Swamp:1  | Reached XP level 16. HP: 74/99 MP: 6/31
 41356 | Swamp:1  | Reached skill level 11 in Fighting
 41451 | Swamp:1  | Killed Josephine
 41729 | Swamp:1  | Noticed Kirke
 41734 | Swamp:1  | Killed Kirke
 42212 | Swamp:1  | Noticed Mlioglotl
 42347 | Swamp:1  | Noticed a fenstrider witch
 42350 | Swamp:1  | Killed a fenstrider witch
 42351 | Swamp:1  | Reached skill level 12 in Fighting
 42544 | Swamp:1  | Reached skill level 6 in Stealth
 42747 | Lair:2   | Noticed a profane servitor
 43103 | Snake:1  | Entered Level 1 of the Snake Pit
 43422 | Snake:1  | Reached skill level 7 in Stealth
 43556 | Snake:1  | Identified the +0 robe of Disguise {rN+ Archmagi}
 43575 | Snake:1  | Identified the serpent talisman of Oxooh {rF+}
 43575 | Snake:1  | Noticed Aizul
 43583 | Snake:1  | Killed Aizul
 43909 | Snake:1  | Identified the of Uddune (Sif Muna gifted it to you on
                  | level 1 of the Snake Pit)
 43909 | Snake:1  | Received a gift from Sif Muna
 44055 | Snake:1  | Reached skill level 8 in Stealth
 44486 | Snake:1  | Reached skill level 9 in Stealth
 44825 | Snake:1  | Found an iron altar of Okawaru.
 45772 | Orc:2    | Bought a manual of Invocations for 960 gold pieces
 46041 | Snake:2  | Reached skill level 10 in Stealth
 46344 | Snake:2  | Reached skill level 7 in Invocations
 47537 | Snake:3  | Reached skill level 8 in Invocations
 47694 | Snake:3  | Reached skill level 9 in Invocations
 48161 | Snake:3  | Reached skill level 10 in Invocations
 48638 | Snake:4  | Entered Level 4 of the Snake Pit
 48647 | Snake:4  | Reached XP level 17. HP: 82/106 MP: 5/32
 48648 | Snake:4  | Reached skill level 11 in Invocations
 48850 | Snake:3  | Found Weun Pyra's Assorted Antiques.
 48945 | Snake:3  | Found Fuott's Assorted Antiques.
 48945 | Snake:3  | Found Ceubliaxt's Book Emporium.
 48950 | Snake:3  | Bought a scroll labelled NEIZUA MESIAPT for 30 gold pieces
 48950 | Snake:3  | Found Lowysk's Distillery.
 48953 | Snake:3  | Bought a spiked robe for 142 gold pieces
 48953 | Snake:3  | Identified the +0 robe of Beyond {rPois} (You bought it in
                  | a shop on level 3 of the Snake Pit)
 48958 | Snake:3  | Bought a potion of experience for 700 gold pieces
 48958 | Snake:3  | Reached skill level 5 in Ranged Weapons
 48958 | Snake:3  | Reached XP level 18. HP: 112/112 MP: 33/33
 49015 | Snake:3  | Reached skill level 6 in Evocations
 49765 | Snake:4  | Noticed Vashnia
 50209 | Snake:3  | Found Ceubliaxt's Book Emporium.
 50212 | Snake:3  | Found Weun Pyra's Assorted Antiques.
 50212 | Snake:3  | Found Lowysk's Distillery.
 50217 | Snake:3  | Found Fuott's Assorted Antiques.
 50755 | Snake:4  | Shot with an arrow by Vashnia

Vanquished Creatures
  Rupert (D:15)
  Kirke (Swamp:1)
  Aizul (Snake:1)
  A fenstrider witch (Swamp:1)
  An eleionoma (Swamp:1)
  Nessos (D:15)
  Azrael (D:13)
  Josephine (Swamp:1)
  3 hydras
  2 centaur warriors (D:14)
  10 vault guards
  An alligator (Swamp:1)
  10 anacondas
  3 two-headed ogres
  2 orc high priests
  3 naga warriors
  The ghost of 2FriedEggs the Changeling, a novice OgSh of Yredelemnul (D:7)
  3 shock serpents
  6 boulder beetles
  Urug (D:11)
  2 naga sharpshooters
  Sonja (D:11)
  2 skysharks
  2 salamander mystics (Snake:3)
  11 spriggans (Lair:5)
  4 skeletal warriors (D:15)
  2 goliath frogs (Swamp:1)
  A swamp dragon (Swamp:1)
  An arcanist (D:9)
  A bog body (Swamp:1)
  5 naga ritualists
  3 orc knights
  A wolf spider (D:15)
  A deep elf pyromancer (D:14)
  2 manticores (D:14)
  6 salamanders
  6 orc sorcerers
  11 ugly things
  10 mana vipers
  A will-o-the-wisp (Swamp:1)
  2 cyclopes (D:13)
  A salamander (shapeshifter) (D:13)
  26 elephants
  Maurice (D:12)
  A guardian serpent (Snake:4)
  11 naga magi
  28 black mambas
  2 gargoyles
  An unseen horror (shapeshifter) (D:13)
  5 cane toads
  8 komodo dragons
  An unseen horror (D:11)
  3 rime drakes
  3 meliai (D:13)
  4 tyrant leeches (Swamp:1)
  A bloated husk (Swamp:1)
  5 polar bears
  6 trolls
  5 hornets
  Prince Ribbit (Bailey)
  7 dream sheep
  15 blink frogs
  3 slime creatures (D:15)
  Sigmund (D:3)
  2 shadows (D:11)
  8 wyverns
  3 vampires
  3 humans (Bailey)
  5 wraiths
  7 basilisks
  52 yaks
  5 hogs
  6 wargs
  20 vampire mosquitoes
  29 nagas
  2 swamp worms (Swamp:1)
  2 acid dragons
  5 hell hounds (D:13)
  13 water moccasins
  5 black bears
  A meliai simulacrum (D:15)
  2 ice beasts
  29 orc warriors
  20 wolves
  10 ogres
  3 boggarts (Lair:5)
  16 centaurs
  An ogre (shapeshifter) (D:15)
  A phantom (D:5)
  5 kobold brigands
  6 gnoll sergeants
  23 bullfrogs
  A scorpion (D:3)
  6 wights
  11 killer bees (D:9)
  2 electric eels (Lair:3)
  A crimson imp (D:9)
  A hound (D:5)
  5 jellies
  21 orc priests
  Jessica (D:2)
  3 gnoll boudas
  Ijyb (D:3)
  Natasha (thrice) (D:3)
  39 orc wizards
  A sleepcap (D:6)
  Robin (D:3)
  19 gnolls
  7 adders
  2 shadow imps (D:5)
  A white imp (D:8)
  A worm (D:2)
  3 dart slugs
  64 orcs
  A bat (D:1)
  7 endoplasms
  6 giant cockroaches
  14 goblins
  9 hobgoblins
  32 kobolds
  6 quokkas
  7 ball pythons (D:1)
  A frilled lizard (D:1)
  4 rats
  A ball lightning (D:13)
833 creatures vanquished.

Vanquished Creatures (collateral kills)
  28 ball lightnings
28 creatures vanquished.

Vanquished Creatures (others)
  A human (Swamp:1)
  692 ball lightnings
  5 foxfires (Swamp:1)
698 creatures vanquished.

Grand Total: 1559 creatures vanquished

Table legend: (Time is in decaauts)
 A = Elapsed time spent in this place.
 B = Non-inter-level travel time spent in this place.
 C = Inter-level travel time spent in this place.
 D = Time resting spent in this place.
 E = Time spent auto-exploring this place.
 F = Levels seen in this place.
 G = Mean time per level.
                   A        B        C        D        E       F      G
               +--------+--------+--------+--------+--------+-----+--------+
         Total |  50861 |  46482 |   4379 |  11414 |  28749 |  30 | 1695.4 |
       Dungeon |  25211 |  22743 |   2468 |   4079 |  15720 |  15 | 1680.7 |
        Temple |     18 |      1 |     17 |      0 |      0 |   1 |   18.0 |
          Lair |  14100 |  12959 |   1141 |   4233 |   6857 |   5 | 2820.0 |
         Swamp |    602 |    580 |     22 |    210 |    192 |   2 |  301.0 |
     Snake Pit |   6952 |   6619 |    333 |   1962 |   3866 |   4 | 1738.0 |
  Orcish Mines |   3000 |   2604 |    396 |    496 |   1740 |   2 | 1500.0 |
        Bailey |    974 |    974 |      0 |    433 |    374 |   1 |  974.0 |
               +--------+--------+--------+--------+--------+-----+--------+

Top non-repeatable levels by time:
  Lair:2: 3857 daAuts
  Lair:1: 3412 daAuts
  Lair:5: 2659 daAuts
  Lair:4: 2648 daAuts
 Snake:3: 2636 daAuts
     D:9: 2625 daAuts
 Snake:2: 2605 daAuts
    D:12: 2492 daAuts
     D:3: 2183 daAuts
   Orc:2: 2176 daAuts
    D:13: 2031 daAuts
    D:11: 1991 daAuts
    D:14: 1911 daAuts
     D:7: 1712 daAuts
 Snake:1: 1681 daAuts

Table legend:
 A = Non-vault XP
 B = Vault XP
 C = Vault XP percentage of total XP
 D = Non-vault monster count
 E = Vault monster count
 F = Vault count percentage of total count
                 A         B        C        D         E       F
            +---------+---------+-------+---------+---------+-------
      Total |  136033 |   55781 |  29.1 |     570 |     262 |  31.5
            +---------+---------+-------+---------+---------+-------
        D:1 |      58 |       0 |   0.0 |      32 |       0 |   0.0
        D:2 |      39 |      37 |  48.7 |       7 |       1 |  12.5
        D:3 |     211 |     322 |  60.4 |      14 |      10 |  41.7
        D:4 |     120 |       0 |   0.0 |      16 |       0 |   0.0
        D:5 |     475 |       0 |   0.0 |      12 |       0 |   0.0
        D:6 |     388 |       0 |   0.0 |      11 |       0 |   0.0
        D:7 |     770 |    1270 |  62.3 |      12 |      12 |  50.0
        D:8 |    1169 |     661 |  36.1 |      15 |       9 |  37.5
        D:9 |    2288 |    2311 |  50.3 |      40 |      30 |  42.9
       D:10 |    2563 |       1 |   0.0 |      18 |       1 |   5.3
       D:11 |    3975 |    1716 |  30.2 |      19 |       8 |  29.6
       D:12 |    3446 |    2439 |  41.4 |      13 |       4 |  23.5
       D:13 |    6885 |    6939 |  50.2 |      20 |      12 |  37.5
       D:14 |    8604 |       0 |   0.0 |      22 |       0 |   0.0
       D:15 |    7633 |    4813 |  38.7 |      15 |       6 |  28.6
     Lair:1 |    5753 |    1330 |  18.8 |      26 |       6 |  18.8
     Lair:2 |    8573 |    3206 |  27.2 |      27 |      11 |  28.9
     Lair:3 |    1771 |    2627 |  59.7 |      10 |       8 |  44.4
     Lair:4 |    7656 |     329 |   4.1 |      25 |       3 |  10.7
     Lair:5 |   14933 |    7831 |  34.4 |      50 |      48 |  49.0
    Swamp:1 |    9793 |    3986 |  28.9 |      19 |      10 |  34.5
    Snake:1 |   15257 |    1417 |   8.5 |      28 |       1 |   3.4
    Snake:2 |    7268 |       0 |   0.0 |      13 |       0 |   0.0
    Snake:3 |   12929 |    5637 |  30.4 |      27 |      17 |  38.6
    Snake:4 |    6403 |     457 |   6.7 |      14 |       1 |   6.7
      Orc:1 |    5634 |       0 |   0.0 |      40 |       0 |   0.0
      Orc:2 |    1439 |    4794 |  76.9 |      25 |      39 |  60.9
     Bailey |       0 |    3658 | 100.0 |       0 |      25 | 100.0
            +---------+---------+-------+---------+---------+-------

Levels and vault maps discovered:
D:1:      zelgadis_glass_arrival_small, layout_basic, minmay_misc_feat_plants
D:2:      layout_loops_corners, serial_shops, nicolae_shop_trees,
          nicolae_shop_stone, shop, uniq_jessica
D:3:      layout_loops_ring, hellmonk_ecumenical_altar_crossroads,
          hangedman_feature_mirror, uniq_robin, uniq_natasha, uniq_ijyb,
          uniq_sigmund
D:4:      layout_basic, temple_statues
D:5:      layout_gridville, mainiacjoe_overflow_brackets
D:6:      layout_rooms, kennysheep_mini, amcnicky_altar_gilded, nrook_campfire,
          nrook_mini_vaults
D:7:      layout_loops_cross, zin_purify, gammafunk_ghost_gnarly_gnolls
D:8:      layout_cave_pools, fedhas_altar_4, erik_lair_orcish_takeover,
          serial_shops, nicolae_take_the_stairs
D:9:      kennysheep_seaside_town, layout_basic,
          amethyst_overflow_temple_binary, nicolae_tso_carved_into_rock,
          enter_bailey_4, lightli_wizard_tower
D:10:     layout_loops_ring, vehumet_altar_wand_db, minmay_misc_feat_five
D:11:     layout_irregular_city, david_orc_2, minmay_misc_feat_doors, uniq_urug,
          uniq_sonja
D:12:     layout_roguey, gammafunk_ghost_fury_of_okawaru, nzn_life_drinkers,
          uniq_maurice
D:13:     layout_basic, erik_vaults_2, serial_shops,
          nicolae_shop_pleasant_corner_grove, uniq_azrael
D:14:     layout_cave_pods, minivault_27
D:15:     hangedman_depths_entry_try_elsewhere_first, layout_cave_pools,
          solitary_fountain, uniq_roxanne, uniq_nessos, uniq_rupert
Temple:   dshaligram_water_room_temple
Lair:1:   layout_misc_corridors, grunt_megastairs_2
Lair:2:   gammafunk_boulding_lane, layout_regular_city,
          minmay_swamp_entry_swarm, minmay_snake_entry_guardpost_medium
Lair:3:   layout_gridlike, beast_lair_carwin_11, grunt_megastairs_5
Lair:4:   layout_gridlike, minmay_holes
Lair:5:   minmay_lair_end_enchanted_forest, layout_hall_layers,
          nicolae_slime_entry_slimehenge
Swamp:1:  layout_basic_swamp, evilmike_swamp_ruin_house_4, uniq_kirke,
          uniq_mlioglotl, uniq_josephine
Swamp:2:  layout_basic_swamp, hangedman_swamp_ruin_wall,
          infiniplex_staircase_pool, nicolae_swamp_decorative_isthmus
Snake:1:  layout_misc_corridors, basic_altar, lemuel_fruit_tree, uniq_aizul
Snake:2:  layout_grid_maze
Snake:3:  layout_gridlike, serial_corexii_hall, corexii_hall_statues_i,
          corexii_hall_statues_x, chequers_hall_statues_wall_a,
          hangedman_snake_corridor_cut, minmay_shoptagon
Snake:4:  snake_pit_salamanders_mu, layout_cave_shapes, st_stairs_7,
          nicolae_snake_gridmaze_squiggle, uniq_vashnia
Orc:1:    layout_diamond_mine
Orc:2:    st_orc_mages, layout_diamond_mine, nicolae_shop_vocational
